 Dungeon Crawl Stone Soup version 0.17.1-3-g152610e (webtiles) character file.

1005 Charly the Insei (level 8, -5/63 HPs)
             Began as a Vine Stalker Transmuter on Apr 29, 2016.
             Was a Follower of Cheibriados.
             Slain by an elephant (10 damage)
             ... on level 8 of the Dungeon.
             The game lasted 00:18:41 (1176 turns).

Charly the Insei (Vine Stalker Transmuter)          Turns: 1176, Time: 00:18:41

Health: -5/63      AC: 24    Str: 10    XL:     8   Next: 20%
Magic:  0/12       EV:  2    Int: 17    God:    Cheibriados [*.....]
Gold:   90         SH:  0    Dex: 17    Spells: 2 memorised, 6 levels left

rFire  . . .     SeeInvis .       - Unarmed
rCold  . . .     Clarity  .     (armour currently unavailable)
rNeg   + + +     SustAt   .     (no shield)
rPois  +         Gourm    .     (helmet currently unavailable)
rElec  .         Spirit   +     (cloak currently unavailable)
rCorr  .         Warding  .     (gloves currently unavailable)
rMut   .         NoTele   +     (boots currently unavailable)
MR     +....                    (no amulet)
Stlth  +.........               s - ring of loudness (curse)
                                u - -5 ring of strength (curse)

@: tree-form, very slightly contaminated, very slow, somewhat resistant to
hostile enchantments, very unstealthy
A: (fangs 0), regeneration 2, magic shield, (antimagic bite), no device heal 3,
rot immunity
a: Bend Time, Renounce Religion


You were on level 8 of the Dungeon.
You worshipped Cheibriados.
Cheibriados was aware of your devotion.
You were not hungry.
You were a tree.
You visited 2 branches of the dungeon, and saw 9 of its levels.

You collected 90 gold pieces.

Inventory:

Missiles
 a - 48 arrows
 d - 20 poisoned needles
 j - 8 javelins (quivered)
Armour
 b - a +0 robe
 e - the +1 leather armour "Esappuw" (melded) {Str+2}
   (You found it on level 8 of the Dungeon)

   It affects your strength (+2).
 i - a +2 pair of gloves (melded)
 q - a cursed +0 scale mail
Jewellery
 l - an uncursed ring of flight
 s - a cursed ring of loudness (right branch)
 u - a cursed -5 ring of strength (left branch)
Wands
 p - a wand of digging (24)
Scrolls
 g - a scroll of amnesia
Potions
 f - a potion of curing {unknown}
 h - a potion of berserk rage {unknown}
 m - a potion of mutation {unknown}
 n - a potion of cancellation {unknown}
 o - 2 potions of lignification
 t - a potion of haste {unknown}
Books
 c - a book of Changes

   Spells                             Type                      Level
   a - Beastly Appendage              Transmutation                1
   b - Sticks to Snakes               Transmutation                2
   c - Spider Form                    Transmutation/Poison         3
   d - Ice Form                       Ice/Transmutation            4
   e - Blade Hands                    Transmutation                5
Comestibles
 r - a meat ration


   Skills:
 + Level 4.0 Fighting
 + Level 2.8 Dodging
 * Level 7.6 Unarmed Combat
 - Level 2.1 Spellcasting
 - Level 3.3 Transmutations


You had 6 spell levels left.
You knew the following spells:

 Your Spells              Type           Power        Failure   Level  Hunger
s - Sticks to Snakes      Trmt           ##........   10%         2    ###....
S - Spider Form           Trmt/Pois      #.........   30%         3    ###....


Dungeon Overview and Level Annotations

Branches:
Dungeon (8/15)             Temple (1/1) D:7
   Lair: D:8-11

Altars:
Cheibriados
Dithmenos
Kikubaaqudgha
Nemelex Xobeh
Ru
Vehumet
Xom
Yredelemnul

Annotations:
D:5 Charly's ghost, amateur DrNe


Innate Abilities, Weirdness & Mutations

((You have razor-sharp teeth.))
You heal very quickly.
When hurt, damage is shared between your health and your magic reserves.
((Your bite disrupts and absorbs the magic of your enemies.))
Potions and wands cannot restore your health.
You are immune to rotting.


Message History

Unknown command.
You hit the elephant.
The elephant is severely wounded.
The elephant tramples you!
* * * LOW HITPOINT WARNING * * *
The elephant trunk-slaps you.
* * * LOW HITPOINT WARNING * * *
Unknown command.
You hit the elephant.
The elephant is almost dead.
The yak gores you.
* * * LOW HITPOINT WARNING * * *
The elephant tramples you but does no damage.
The elephant trunk-slaps you but does no damage.
Unknown command.
You hit the elephant but do no damage.
You punch the elephant, but do no damage.
The elephant is almost dead.
The yak gores you but does no damage. The elephant tramples you!
You die...

######### ### #.......#
..#####.......#
#.............# ## ..#
#........# ..
#####.###........##.#
#...=..##...........#
#.###..###.......#####
#....)Y♣....(........#
######....#Y###..###.#.##.###
.......†((...(.............>.
#####..##....#...##...##[###
#....Y..(.....#...##...))<...
..Y........##.#........######
#..........# ...........
######..#..# #...####.##
#.(#..# .... ..


You could see an elephant and a yak.

Vanquished Creatures
  A necrophage (D:8)
  A centaur (D:8)
  2 black bears
  An ogre (D:7)
  A giant frog (D:8)
  A big kobold (D:7)
  2 crimson imps
  2 hounds (D:7)
  3 orc wizards (D:6)
  An iguana (D:4)
  An orc priest (D:8)
  A giant frog skeleton (D:8)
  A worker ant (D:4)
  A hound skeleton (D:5)
  3 adders
  An adder skeleton (D:7)
  A worm (D:3)
  A giant gecko (D:6)
  7 orcs
  A bat (D:1)
  2 hobgoblins (D:1)
  6 jackals
  6 kobolds
  A quokka (D:8)
  A giant gecko zombie (D:6)
  2 giant newts
  A jackal zombie (D:7)
  2 rats (D:1)
54 creatures vanquished.

Vanquished Creatures (collateral kills)
  2 worker ants (D:4)
2 creatures vanquished.

Grand Total: 56 creatures vanquished

Notes
Turn   | Place    | Note
--------------------------------------------------------------
     0 | D:1      | Charly the Vine Stalker Transmuter began the quest for the Orb.
     0 | D:1      | Reached XP level 1. HP: 9/9 MP: 4/4
    69 | D:1      | Reached XP level 2. HP: 1/14 MP: 1/6
    77 | D:1      | Learned a level 2 spell: Sticks to Snakes
   155 | D:3      | Reached XP level 3. HP: 4/17 MP: 5/7
   160 | D:3      | Learned a level 3 spell: Spider Form
   370 | D:4      | Reached XP level 4. HP: 12/21 MP: 2/8
   382 | D:5      | Entered Level 5 of the Dungeon
   425 | D:5      | Reached skill level 1 in Fighting
   425 | D:5      | Reached skill level 4 in Unarmed Combat
   452 | D:4      | Reached XP level 5. HP: 6/25 MP: 2/9
   463 | D:4      | HP: 1/25 [poisoned by a worker ant]
   469 | D:5      | HP: 1/25 [poisoned by a worker ant]
   472 | D:5      | Noticed Charly's ghost (amateur DrNe)
   579 | D:6      | Found a basalt altar of Yredelemnul.
   582 | D:6      | Found a radiant altar of Vehumet.
   649 | D:6      | Reached skill level 5 in Unarmed Combat
   679 | D:6      | Gained mutation: You heal very quickly. [Vine Stalker growth]
   679 | D:6      | Reached XP level 6. HP: 10/30 MP: 0/10
   750 | D:6      | Noticed a black bear
   761 | D:6      | Killed a black bear
   786 | D:7      | Reached skill level 6 in Unarmed Combat
   839 | D:7      | Reached XP level 7. HP: 34/36 MP: 7/11
   845 | D:7      | Found a staircase to the Ecumenical Temple.
   853 | Temple   | Entered the Ecumenical Temple
   861 | Temple   | Became a worshipper of Cheibriados the Contemplative
   975 | D:7      | Found a sacrificial altar of Ru.
  1098 | D:8      | Got a steaming leather armour
  1109 | D:8      | Identified the +1 leather armour "Esappuw" {Str+2} (You found it on level 8 of the Dungeon)
  1120 | D:8      | Reached skill level 7 in Unarmed Combat
  1135 | D:8      | Gained mutation: You have razor-sharp teeth. [Vine Stalker growth]
  1135 | D:8      | Reached XP level 8. HP: 40/42 MP: 10/12
  1152 | D:8      | Noticed an elephant
  1152 | D:8      | Charly: I need moar luck
  1164 | D:8      | Reached * piety under Cheibriados
  1169 | D:8      | Noticed a yak
  1176 | D:8      | Slain by an elephant

Action                   |  1- 3 |  4- 6 |  7- 9 || total
-------------------------+-------+-------+-------++-------
Melee: Unarmed           |    95 |    77 |    87 ||   259
 Cast: Sticks to Snakes  |     4 |     4 |     1 ||     9
       Spider Form       |     1 |     7 |     5 ||    13
 Abil: End Transformatio |       |     1 |       ||     1
  Use: Scroll            |       |       |     4 ||     4
       Potion            |       |       |     1 ||     1
 Stab: Distracted        |       |     1 |       ||     1
  Eat: Bread ration      |       |       |     1 ||     1
